[Event "Titled Tuesday Blitz April 05 Early 2022"]
[White "Musovic, Armin"]
[Black "Gu, Xiaobing"]
[WhiteFideId "939935"]
[BlackFideId "8602611"]
[WhiteElo "2255"]
[BlackElo "2174"]
[Result "1-0"]
[Round "02"]
[TimeControl "180+1"]
[Date "2022.04.05"]
[WhiteClock "0:01:50"]
[BlackClock "0:01:28"]

1. a3 e5 2. Nc3 d5 3. d4 exd4 4. Qxd4 Nf6 5. e4 dxe4 6. Qxd8+ Kxd8 7. Bg5 Be7 8. O-O-O+ Bd7 9. f3 c6 10. Bc4 Kc7 11. Bf4+ Kc8 12. Bxf7 Rf8 13. Ba2 Na6 14. Be5 Nc5 15. b4 exf3 16. Nxf3 Nce4 17. Nxe4 Nxe4 18. Bxg7 Rf4 19. Rhe1 Rg4 20. Rxd7 Rxg7 21. Be6 1-0


[Site "https://www.chess.com"]

[Event "Titled Tuesday Blitz April 05 Early 2022"]
[White "Namitbir Singh Walia"]
[Black "Suarez Uriel, Adrian"]
[WhiteFideId "35071068"]
[BlackFideId "22230874"]
[WhiteElo "1565"]
[BlackElo "2316"]
[Result "1-0"]
[Round "02"]
[TimeControl "180+1"]
[Date "2022.04.05"]
[WhiteClock "0:00:05"]
[BlackClock "0:00:05"]

1. d4 Nf6 2. c4 b6 3. Nf3 Bb7 4. g3 g6 5. Bg2 Bg7 6. O-O O-O 7. Qc2 Ne4 8. Nc3 Nxc3 9. bxc3 d6 10. a4 Nc6 11. Nd2 Qc8 12. Nb3 e5 13. Bb2 a5 14. Rfd1 Nd8 15. e4 Ne6 16. c5 dxc5 17. dxc5 bxc5 18. Ba3 c4 19. Nd2 Rd8 20. Nxc4 Rxd1+ 21. Rxd1 Qe8 22. Rd5 Bc6 23. Rxa5 Rxa5 24. Nxa5 Bxa4 25. Qd3 h5 26. Bf1 h4 27. Nb7 Ng5 28. Nc5 Bc6 29. gxh4 Ne6 30. Bh3 Nxc5 31. Bxc5 Qa8 32. f3 Qa1+ 33. Kf2 Qb2+ 34. Kg3 Qc1 35. Be3 Qe1+ 36. Bf2 Qc1 37. Qd8+ Kh7 38. Qxc7 Qxc3 39. Qxf7 Bxe4 40. Be6 Bc6 41. h5 Be4 42. Kg2 Bc2 43. hxg6+ Bxg6 44. Qg8+ Kh6 45. Qc8 Qd3 46. Qd7 Qc2 47. Qa7 Bf6 48. Qe3+ Bg5 49. Qxe5 Qd2 50. Qe1 Qd6 51. Bg4 Bf4 52. h4 Bh5 53. Be3 Bxe3 54. Qxe3+ Kg6 55. Qg5+ Kf7 56. Qxh5+ Ke7 57. Qh7+ Kd8 58. Qg8+ Ke7 59. Qg7+ Kd8 60. Qg5+ Kc7 61. Qe3 Kb7 62. h5 Qc7 63. Kh3 Qc2 64. Qe4+ Qxe4 65. fxe4 Kc6 66. h6 Kd6 67. h7 Ke5 68. h8=Q+ 1-0


[Site "https://www.chess.com"]

[Event "Titled Tuesday Blitz April 05 Early 2022"]
[White "Naroditsky, Daniel"]
[Black "Krishna, C R G"]
[WhiteFideId "2026961"]
[BlackFideId "5018625"]
[WhiteElo "2608"]
[BlackElo "2332"]
[Result "1/2-1/2"]
[Round "02"]
[TimeControl "180+1"]
[Date "2022.04.05"]
[WhiteClock "0:00:45"]
[BlackClock "0:00:58"]

1. e4 e6 2. d4 d5 3. Nc3 Bb4 4. e5 c5 5. a3 Bxc3+ 6. bxc3 Ne7 7. Qg4 cxd4 8. Qxg7 Rg8 9. Qxh7 Qc7 10. Ne2 Nbc6 11. f4 dxc3 12. Qd3 d4 13. Nxd4 Nxd4 14. Qxd4 Bd7 15. Rg1 Nf5 16. Qf2 Qc6 17. Bd3 Qd5 18. Be3 Nxe3 19. Qxe3 Rxg2 20. Rxg2 Qxg2 21. Be4 Qxh2 22. O-O-O Bc6 23. Bxc6+ bxc6 24. Qd4 Kf8 25. f5 exf5 26. Qd6+ Kg8 27. Qc5 Rb8 28. Rg1+ Kh7 29. Qe3 1/2-1/2


[Site "https://www.chess.com"]

[Event "Titled Tuesday Blitz April 05 Early 2022"]
[White "Nenezic, Marko"]
[Black "Chernov, Mikhail"]
[WhiteFideId "912123"]
[BlackFideId "24143170"]
[WhiteElo "2457"]
[BlackElo "2189"]
[Result "0-1"]
[Round "02"]
[TimeControl "180+1"]
[Date "2022.04.05"]
[WhiteClock "0:00:43"]
[BlackClock "0:02:13"]

1. Nf3 c5 2. c4 Nc6 3. d4 cxd4 4. Nxd4 e5 5. Nb5 d6 6. N1c3 a6 7. Na3 Nf6 8. g3 Be7 9. Bg2 O-O 10. O-O Be6 11. Bg5 Rc8 12. Bxf6 Bxf6 13. Nd5 Bg5 14. e3 f5 15. Re1 e4 16. Nc2 Ne5 17. Nd4 Bxd5 18. cxd5 Nd3 19. Re2 Qa5 20. g4 fxg4 21. Bxe4 Nxf2 22. Bg2 Nxd1 0-1


[Site "https://www.chess.com"]

[Event "Titled Tuesday Blitz April 05 Early 2022"]
[White "Nguyen Hong Nhung"]
[Black "Petrova, Irina"]
[WhiteFideId "12412201"]
[BlackFideId "14124122"]
[WhiteElo "1758"]
[BlackElo "1993"]
[Result "0-1"]
[Round "02"]
[TimeControl "180+1"]
[Date "2022.04.05"]
[WhiteClock "0:00:07"]
[BlackClock "0:00:21"]

1. e4 d6 2. d4 Nf6 3. Nc3 e5 4. Nf3 Nbd7 5. Bc4 Be7 6. O-O O-O 7. Re1 c6 8. h3 b5 9. Bd3 a6 10. Be3 Bb7 11. dxe5 dxe5 12. Bf1 Qc7 13. a3 Rad8 14. Qe2 Rfe8 15. Rad1 Nc5 16. Bxc5 Bxc5 17. Nh4 Bc8 18. Qf3 Qb6 19. Nf5 a5 20. Nh6+ Kf8 21. Nf5 Rxd1 22. Rxd1 b4 23. Na4 Bxf2+ 24. Kh1 Qa7 25. Nd6 Rd8 26. Nb5 Rxd1 27. Nxa7 Rxf1+ 28. Kh2 Bg1+ 29. Kg3 Rxf3+ 30. Kxf3 Bxa7 31. axb4 axb4 32. c3 bxc3 33. bxc3 Ke7 34. Nb2 Ba6 35. c4 Kd6 36. g4 Bd4 37. Nd3 Bxc4 38. Ne1 Bb3 39. g5 Nd7 40. Ng2 c5 41. h4 c4 42. Ke2 c3 43. Kd3 c2 44. Kd2 Bb2 0-1


[Site "https://www.chess.com"]

[Event "Titled Tuesday Blitz April 05 Early 2022"]
[White "Niyazgulova, Marina"]
[Black "Papp, Levente"]
[WhiteFideId "24142573"]
[BlackFideId "751243"]
[WhiteElo "2046"]
[BlackElo "2308"]
[Result "0-1"]
[Round "02"]
[TimeControl "180+1"]
[Date "2022.04.05"]
[WhiteClock "0:02:23"]
[BlackClock "0:02:19"]

1. d4 Nf6 2. c4 e6 3. Nc3 Bb4 4. Qc2 O-O 5. Bg5 h6 6. Bxf6 Qxf6 7. Nf3 d6 8. e3 e5 9. Bd3 Nc6 10. d5 Nb8 11. O-O Bxc3 12. Qxc3 Qe7 13. b4 e4 14. Be2 exf3 15. Bxf3 Nd7 16. Rac1 Nf6 17. c5 Bg4 18. cxd6 cxd6 19. Rfd1 Rac8 20. Qb2 Qd7 21. a3 Bxf3 22. gxf3 Qh3 0-1


[Site "https://www.chess.com"]

[Event "Titled Tuesday Blitz April 05 Early 2022"]
[White "Obolenskikh, Dmitry"]
[Black "Ivanov, Mike"]
[WhiteFideId "4156013"]
[BlackFideId "2613158"]
[WhiteElo "2512"]
[BlackElo "2182"]
[Result "1-0"]
[Round "02"]
[TimeControl "180+1"]
[Date "2022.04.05"]
[WhiteClock "0:01:32"]
[BlackClock "0:00:06"]

1. e4 e6 2. d4 d5 3. Nc3 Bb4 4. e5 c5 5. a3 Bxc3+ 6. bxc3 Nc6 7. Qg4 g6 8. Qd1 Qa5 9. Bd2 Bd7 10. a4 O-O-O 11. Nf3 h6 12. c4 Qc7 13. cxd5 exd5 14. c3 c4 15. g3 f6 16. Bg2 fxe5 17. O-O g5 18. Nxe5 Nxe5 19. dxe5 Qxe5 20. Be3 Nf6 21. Bxa7 Qf5 22. Bd4 Rhf8 23. a5 Qd3 24. Qc1 Bb5 25. a6 Bxa6 26. Qa3 Ne4 27. Qe7 g4 28. Be5 1-0


[Site "https://www.chess.com"]

[Event "Titled Tuesday Blitz April 05 Early 2022"]
[White "Onslow, Alfie"]
[Black "Pliukha, Myhajlo"]
[WhiteFideId "436976"]
[BlackFideId "14164698"]
[WhiteElo "1884"]
[BlackElo "2229"]
[Result "0-1"]
[Round "02"]
[TimeControl "180+1"]
[Date "2022.04.05"]
[WhiteClock "0:00:07"]
[BlackClock "0:01:19"]

1. Nf3 f5 2. e4 e5 3. exf5 Nf6 4. Nxe5 Qe7 5. Qe2 d6 6. Nf3 Bxf5 7. Qxe7+ Bxe7 8. d3 Nc6 9. c3 O-O-O 10. Be3 d5 11. Nbd2 Rhe8 12. O-O-O Ng4 13. h3 Nxe3 14. fxe3 Bd6 15. g4 Bg6 16. Re1 Bg3 17. Re2 Bxd3 18. Rg2 Bxf1 19. Rxg3 Bd3 20. Nd4 Ne5 21. N2f3 Be4 22. Rf1 Rf8 23. Kd1 c5 24. Ne6 Rxf3 25. Rgxf3 Bxf3+ 26. Ke1 Re8 27. Nxc5 b6 28. Nb3 Bg2 29. Rg1 Nf3+ 30. Kf2 Nxg1 31. Kxg2 Ne2 32. Kf3 Ng1+ 33. Kg2 Nxh3 34. Kxh3 Rxe3+ 35. Kh4 a5 36. Nd4 Kd7 37. Nf5 Re2 38. Nxg7 Rxb2 39. Nh5 Kd6 40. Nf6 Rxa2 41. Kg5 a4 42. Nxh7 a3 43. Nf6 Re2 44. Kf4 a2 45. Kf3 Re6 0-1


[Site "https://www.chess.com"]

[Event "Titled Tuesday Blitz April 05 Early 2022"]
[White "Oparin, Grigoriy"]
[Black "Harshavardhan G B"]
[WhiteFideId "24125890"]
[BlackFideId "25059009"]
[WhiteElo "2665"]
[BlackElo "1831"]
[Result "1-0"]
[Round "02"]
[TimeControl "180+1"]
[Date "2022.04.05"]
[WhiteClock "0:01:50"]
[BlackClock "0:01:17"]

1. e4 e6 2. d4 d5 3. Nc3 Nf6 4. e5 Nfd7 5. f4 c5 6. Nf3 Nc6 7. Be3 Qb6 8. Na4 Qc7 9. c3 cxd4 10. cxd4 Bb4+ 11. Nc3 f6 12. Bd3 O-O 13. O-O a6 14. f5 Nb6 15. exf6 Rxf6 16. fxe6 h6 17. Ng5 hxg5 18. Qh5 Rh6 19. Qe8+ 1-0


[Site "https://www.chess.com"]

[Event "Titled Tuesday Blitz April 05 Early 2022"]
[White "Ozer, Omer Faruk"]
[Black "Dreev, Aleksey"]
[WhiteFideId "6354564"]
[BlackFideId "4100107"]
[WhiteElo "2050"]
[BlackElo "2625"]
[Result "0-1"]
[Round "02"]
[TimeControl "180+1"]
[Date "2022.04.05"]
[WhiteClock "0:00:45"]
[BlackClock "0:00:52"]

1. e4 c5 2. Nf3 e6 3. d3 d5 4. Nbd2 Nc6 5. g3 g5 6. exd5 exd5 7. Bg2 Bg7 8. O-O h6 9. c4 Nge7 10. Rb1 O-O 11. a3 Bf5 12. cxd5 Nxd5 13. Qb3 Nb6 14. Ne4 c4 15. Qb5 Bg6 16. Nfxg5 Qxd3 17. Be3 hxg5 18. Nxg5 c3 19. bxc3 Qxb5 20. Rxb5 Bd3 21. Rc5 Bxf1 22. Bxf1 Rfe8 23. Rf5 Rxe3 24. fxe3 Ne5 25. c4 Rc8 26. Bg2 Nbxc4 27. Bxb7 Rc7 28. Ba6 Nxe3 29. Rf4 N5g4 30. h3 Rc1+ 31. Bf1 Bh6 0-1


[Site "https://www.chess.com"]

[Event "Titled Tuesday Blitz April 05 Early 2022"]
[White "Pajeken, Jakob Leon"]
[Black "Jain, Naveen"]
[WhiteFideId "12942839"]
[BlackFideId "5003970"]
[WhiteElo "2351"]
[BlackElo "2036"]
[Result "1-0"]
[Round "02"]
[TimeControl "180+1"]
[Date "2022.04.05"]
[WhiteClock "0:01:45"]
[BlackClock "0:01:32"]

1. Nf3 d5 2. c4 e6 3. d4 Nf6 4. g3 b6 5. Bg2 Bb7 6. Ne5 Be7 7. O-O O-O 8. Bf4 Nc6 9. Nc3 Nxe5 10. dxe5 Nh5 11. cxd5 Nxf4 12. gxf4 exd5 13. Nxd5 Bxd5 14. Qxd5 Qxd5 15. Bxd5 Rad8 16. Rfd1 Kh8 17. Kg2 f6 18. exf6 Bxf6 19. Rab1 c5 20. e3 a5 21. a4 g5 22. fxg5 Bxg5 23. Rbc1 Rf6 24. Rc4 Rg6 25. Rg4 Rg7 26. b3 h5 27. Rg3 Kh7 28. Be4+ Kh6 29. Rxd8 Bxd8 30. Rxg7 Kxg7 31. Kf3 Kf6 32. h4 Ke5 33. Bg6 Bxh4 34. Bxh5 Bf6 35. Bf7 Bg7 36. Ke2 Bh6 37. f4+ Bxf4 38. exf4+ Kxf4 39. Kd3 Kf3 40. Kc4 Ke3 41. Kb5 Kd3 42. Kxb6 Kc3 43. Bc4 Kb4 44. Ka6 Ka3 45. Kxa5 Kb2 46. Kb5 1-0


[Site "https://www.chess.com"]

[Event "Titled Tuesday Blitz April 05 Early 2022"]
[White "Pakleza, Zbigniew"]
[Black "Bachmann, Axel"]
[WhiteFideId "1119290"]
[BlackFideId "3700488"]
[WhiteElo "2778"]
[BlackElo "2540"]
[Result "1-0"]
[Round "02"]
[TimeControl "180+1"]
[Date "2022.04.05"]
[WhiteClock "0:00:25"]
[BlackClock "0:00:01"]

1. d4 Nf6 2. Nf3 g6 3. Bf4 b6 4. e3 Bb7 5. h3 Bg7 6. Be2 d6 7. O-O O-O 8. c3 Nbd7 9. Nbd2 Ne4 10. a4 a5 11. Bh2 e5 12. Qb3 Nxd2 13. Nxd2 Kh8 14. Bf3 Bxf3 15. Nxf3 e4 16. Nd2 f5 17. Qb5 Nf6 18. c4 Nh5 19. Rfd1 Qe7 20. c5 bxc5 21. dxc5 Rfb8 22. cxd6 cxd6 23. Qd5 Bxb2 24. Bxd6 Qb7 25. Qa2 Rd8 26. Rab1 Rxd6 27. Rxb2 Qd7 28. Rf1 Rd8 29. Nc4 Rd1 30. Rb1 Rxf1+ 31. Rxf1 Nf6 32. Qa1 Qg7 33. Nxa5 Nd5 34. Qxg7+ Kxg7 35. Rd1 Rd7 36. Nc4 Nf6 37. Rxd7+ Nxd7 38. a5 Nc5 39. Kf1 Kf6 40. Ke2 Ke6 41. Kd2 Kd5 42. Kc3 Na6 43. h4 h6 44. g3 g5 45. h5 Kc5 46. Ne5 Nc7 47. Nf7 Nd5+ 48. Kb3 1-0


[Site "https://www.chess.com"]

[Event "Titled Tuesday Blitz April 05 Early 2022"]
[White "Paravyan, David"]
[Black "Gatineau, Yovann"]
[WhiteFideId "4194985"]
[BlackFideId "26028999"]
[WhiteElo "2569"]
[BlackElo "2183"]
[Result "1-0"]
[Round "02"]
[TimeControl "180+1"]
[Date "2022.04.05"]
[WhiteClock "0:00:10"]
[BlackClock "0:00:01"]

1. e4 e5 2. Nf3 Nc6 3. Nc3 Nf6 4. d4 exd4 5. Nxd4 Bb4 6. Nxc6 bxc6 7. Bd3 d5 8. exd5 O-O 9. O-O cxd5 10. Bg5 c6 11. Qf3 h6 12. Bxf6 Qxf6 13. Qxf6 gxf6 14. Ne2 Rb8 15. b3 Bd7 16. Rad1 Rfe8 17. Ng3 Bg4 18. Rb1 Re5 19. f4 Bc5+ 20. Kh1 Re3 21. h3 Rxg3 22. hxg4 Rxg4 23. Kh2 Re8 24. Bf5 Rg7 25. Rbe1 Kf8 26. Bd7 Re3 27. Bxc6 d4 28. Bf3 Ke7 29. Rxe3+ dxe3 30. Rd1 Rg8 31. Rd5 Bd6 32. g3 Rc8 33. c4 Rd8 34. Kg2 Bc7 35. Rxd8 Bxd8 36. Bd5 Bc7 37. Kf3 Bb6 38. b4 Bd4 39. c5 f5 40. Bc4 Bc3 41. b5 Bb4 42. c6 Bc5 43. Bd3 Ke6 44. Bxf5+ Kd6 45. Bd3 Kc7 46. Bc4 f6 47. g4 Kb6 48. Ke4 a6 49. a4 axb5 50. axb5 1-0


[Site "https://www.chess.com"]

[Event "Titled Tuesday Blitz April 05 Early 2022"]
[White "Perez Rodriguez, Jennifer"]
[Black "nobodyperfect13"]
[WhiteFideId "3507831"]
[WhiteElo "2170"]
[BlackElo "1907"]
[Result "0-1"]
[Round "02"]
[TimeControl "180+1"]
[Date "2022.04.05"]
[WhiteClock "0:00:00"]
[BlackClock "0:01:32"]

1. e4 c5 2. Nf3 e6 3. c3 Nf6 4. e5 Nd5 5. d4 cxd4 6. cxd4 d6 7. Bc4 dxe5 8. dxe5 Nc6 9. O-O Be7 10. Qe2 O-O 11. Bd2 a6 12. Nc3 b5 13. Bd3 Nxc3 14. Bxc3 Bb7 15. Rad1 Qc7 16. Rfe1 Rfd8 17. Qe4 g6 18. Qe3 Nb4 19. Bb1 Rxd1 20. Rxd1 Rd8 21. Re1 Nd5 22. Qc1 Nxc3 23. bxc3 Bxf3 24. gxf3 Rc8 25. Be4 Qxc3 26. Qxc3 Rxc3 27. Rd1 Bg5 28. Kg2 Bf4 29. Rd6 Ra3 30. Bb7 a5 31. Ba6 b4 32. Bc4 Bxe5 33. Rd8+ Kg7 34. Rd7 Rc3 35. Bxe6 Rc2 36. Bxf7 Kf6 37. Bb3 Rb2 38. Rb7 Bd4 39. Rxh7 Rxf2+ 40. Kg3 Rb2 41. Rf7+ Kg5 42. h4+ Kh6 43. Ra7 Bxa7 0-1


[Site "https://www.chess.com"]

[Event "Titled Tuesday Blitz April 05 Early 2022"]
[White "Pesotskiy, Mikhail"]
[Black "Hernandez Bermudez, Ulises Eduardo"]
[WhiteFideId "34164453"]
[BlackFideId "3902510"]
[WhiteElo "2010"]
[BlackElo "2056"]
[Result "1-0"]
[Round "02"]
[TimeControl "180+1"]
[Date "2022.04.05"]
[WhiteClock "0:01:01"]
[BlackClock "0:00:01"]

1. d4 Nf6 2. c4 g6 3. Nc3 Bg7 4. e4 d6 5. f3 O-O 6. Be3 e5 7. d5 Nbd7 8. Bd3 Ne8 9. Nge2 f5 10. exf5 gxf5 11. Qd2 Nc5 12. Bc2 a5 13. O-O-O a4 14. Kb1 a3 15. b3 f4 16. Bxc5 dxc5 17. Ne4 b6 18. N2c3 Nd6 19. Nxd6 cxd6 20. Be4 Bd7 21. Qd3 Qh4 22. Rdg1 Rab8 23. g3 Qh6 24. Rg2 Bh3 25. Rgg1 Bd7 26. g4 Qh4 27. Qe2 Rf7 28. Qe1 Qxe1+ 29. Rxe1 b5 30. cxb5 Bxb5 31. Kc2 c4 32. bxc4 Bxc4 33. Rb1 Rfb7 34. Rxb7 Rxb7 35. Rb1 Rxb1 36. Kxb1 Bf6 37. Kc2 Bh4 38. Bd3 Bxd3+ 39. Kxd3 Be1 40. Nb5 Bb4 41. Ke4 Kf7 42. h4 Kf6 43. Kd3 Bc5 44. Nc3 Ke7 45. Ne4 Bb4 46. Kc4 Be1 47. h5 Ba5 48. Kb3 Bb6 49. Kxa3 Kd8 50. Kb3 Kc7 51. Kc4 h6 52. Kb5 Bg1 53. a4 Kb7 54. a5 1-0


[Site "https://www.chess.com"]

[Event "Titled Tuesday Blitz April 05 Early 2022"]
[White "Petrovic, Aleksa"]
[Black "Jakubowska, Anna"]
[WhiteFideId "967629"]
[BlackFideId "1121952"]
[WhiteElo "2198"]
[BlackElo "1924"]
[Result "1-0"]
[Round "02"]
[TimeControl "180+1"]
[Date "2022.04.05"]
[WhiteClock "0:00:08"]
[BlackClock "0:00:10"]

1. d4 d5 2. Nf3 Nf6 3. c4 c6 4. Nc3 e6 5. e3 Nbd7 6. Qc2 Bd6 7. Bd3 O-O 8. O-O dxc4 9. Bxc4 b5 10. Bd3 a6 11. Ne4 Qc7 12. Nxd6 Qxd6 13. Bd2 Bb7 14. b4 h6 15. a4 Rac8 16. a5 Nd5 17. Qb2 Rfe8 18. Ne5 f6 19. Nxd7 Qxd7 20. f4 Rcd8 21. Rfd1 Qf7 22. Qc2 f5 23. Rac1 Qe7 24. Qc5 Qd7 25. Be2 Nf6 26. Bf3 Rc8 27. Be1 Nd5 28. Rd3 Nf6 29. Bh4 Nd5 30. Bh5 Rf8 31. Kf2 Kh7 32. Rb3 g6 33. Bd1 Qg7 34. Bf3 g5 35. Bg3 Nf6 36. Qe5 g4 37. Be2 Ne4+ 38. Ke1 Qxe5 39. dxe5 c5 40. bxc5 Rxc5 41. Rxc5 Nxc5 42. Rc3 Rc8 43. Bh4 Ne4 44. Rxc8 Bxc8 45. Be7 Kg6 46. g3 Kf7 47. Bb4 Ke8 48. Bd3 Kd7 49. Ke2 Kc6 50. Bc2 Kd5 51. Bb3+ Kc6 52. Kd3 Nc5+ 53. Kc3 Ne4+ 54. Kd4 Nf2 55. Bf8 h5 56. Bc2 Nh3 57. e4 Ng1 58. exf5 exf5 59. Bb3 Nf3+ 60. Ke3 Nxh2 61. Bf7 h4 62. gxh4 g3 63. h5 Bb7 64. h6 Ng4+ 65. Kf3 Nxh6 66. Bxh6 b4 67. Kxg3 Kb5 68. e6 Kxa5 69. e7 Bc6 70. e8=Q Bxe8 71. Bxe8 b3 72. Bg7 Kb4 73. Bf7 Ka3 74. Be6 a5 75. Bxf5 a4 76. Bd7 b2 77. Bxb2+ Kb3 78. Bxa4+ Kxa4 79. f5 Kb5 80. f6 Kc6 81. Kf4 Kd7 82. Kf5 Ke8 83. Kg6 Kf8 84. Ba3+ Ke8 85. f7+ Kd7 86. f8=Q 1-0


[Site "https://www.chess.com"]

[Event "Titled Tuesday Blitz April 05 Early 2022"]
[White "Piesik, Piotr"]
[Black "Bintang, Rasyid A. Hidayat"]
[WhiteFideId "1136194"]
[BlackFideId "7105355"]
[WhiteElo "2190"]
[BlackElo "2386"]
[Result "1-0"]
[Round "02"]
[TimeControl "180+1"]
[Date "2022.04.05"]
[WhiteClock "0:01:33"]
[BlackClock "0:00:41"]

1. Nf3 g6 2. g3 Bg7 3. d4 d5 4. Bg2 Nf6 5. O-O O-O 6. c4 dxc4 7. Na3 c3 8. bxc3 Ne4 9. Bb2 c5 10. Qb3 Nc6 11. Rfd1 cxd4 12. cxd4 Na5 13. Qe3 Nd6 14. Rac1 Be6 15. Ra1 Nac4 16. Nxc4 Nxc4 17. Qc3 Nxb2 18. Qxb2 Bd5 19. e3 Rc8 20. Nd2 Bxg2 21. Kxg2 b6 22. Rac1 Qd5+ 23. Nf3 g5 24. Qb3 Qe4 25. Rxc8 Rxc8 26. Qd3 Qxd3 27. Rxd3 g4 28. Ne1 Rc1 29. Kf1 e6 30. Ra3 Bf8 31. Rb3 a5 32. Ke2 Bb4 33. Nd3 Rc2+ 34. Kf1 Rxa2 35. Nxb4 axb4 36. Rxb4 Ra6 37. Rb5 f5 38. d5 Kf7 39. dxe6+ Kxe6 40. Kg2 h5 41. h3 Kf6 42. h4 Kg6 43. Kf1 Ra1+ 44. Kg2 Ra5 45. Rxb6+ Kg7 46. Rb4 Kg6 47. Rf4 Re5 48. Kf1 Re4 49. Rxe4 fxe4 50. Ke2 Kf5 51. Kd2 Ke5 52. Kc3 Kd5 53. Kb4 Kd6 54. Kc4 Ke5 55. Kc5 Ke6 56. Kd4 Kf5 57. Kd5 1-0


[Site "https://www.chess.com"]

[Event "Titled Tuesday Blitz April 05 Early 2022"]
[White "Piliczewski, Bogusz"]
[Black "Kouskoutis, Georgios-Alexandros"]
[WhiteFideId "1104144"]
[BlackFideId "4234049"]
[WhiteElo "1896"]
[BlackElo "2130"]
[Result "0-1"]
[Round "02"]
[TimeControl "180+1"]
[Date "2022.04.05"]
[WhiteClock "0:00:01"]
[BlackClock "0:00:03"]

1. d4 Nf6 2. Nf3 d5 3. c4 e6 4. Bg5 Be7 5. Nc3 dxc4 6. e3 a6 7. a4 O-O 8. Bxc4 Nc6 9. O-O b6 10. Qe2 Bb7 11. Rfd1 Nb4 12. Ne5 Nfd5 13. Bxe7 Qxe7 14. e4 Nf6 15. f3 Rfd8 16. Rd2 Nd7 17. Nd3 Nxd3 18. Rxd3 c5 19. Rad1 g6 20. f4 cxd4 21. Rxd4 e5 22. fxe5 Nxe5 23. Bd5 Qc5 24. Kh1 Bxd5 25. Rxd5 Rxd5 26. Rxd5 Qe7 27. Qd2 Re8 28. Qd4 Qf6 29. Qd1 Kg7 30. Rd6 Re6 31. Rxe6 Qxe6 32. Nd5 Qd6 33. Qd4 f6 34. Qxb6 Qxb6 35. Nxb6 Kf7 36. b4 Ke6 37. Kg1 Kd6 38. Kf2 Nd3+ 39. Ke3 Nxb4 40. Kd4 Nc6+ 41. Kc4 Ne5+ 42. Kd4 Nf7 43. Nc4+ Ke6 44. a5 Nd6 45. Nb6 f5 46. exf5+ Nxf5+ 47. Kc5 Ne3 48. Na4 Nxg2 49. Kb6 Nf4 50. Kxa6 Nd5 51. Kb7 Nb4 0-1


[Site "https://www.chess.com"]

[Event "Titled Tuesday Blitz April 05 Early 2022"]
[White "Pires, Marcos Vinicius Torsani"]
[Black "Simonovic, Miroslav"]
[WhiteFideId "2118939"]
[BlackFideId "919152"]
[WhiteElo "2273"]
[BlackElo "2043"]
[Result "1-0"]
[Round "02"]
[TimeControl "180+1"]
[Date "2022.04.05"]
[WhiteClock "0:00:12"]
[BlackClock "0:00:02"]

1. e4 c5 2. c3 d5 3. exd5 Qxd5 4. d4 Nc6 5. Nf3 Bf5 6. Be3 cxd4 7. cxd4 Bxb1 8. Qxb1 e6 9. a3 Nf6 10. Bd3 Be7 11. O-O O-O 12. Qd1 Rfd8 13. Qe2 Qh5 14. Rad1 Nd5 15. Bc1 Bf6 16. Be4 Rd7 17. Rd3 Rad8 18. Rfd1 Nce7 19. h3 h6 20. Qc2 Rc7 21. Qb3 Rdc8 22. Be3 Nxe3 23. fxe3 Nd5 24. Bxd5 Qxd5 25. Qxd5 exd5 26. R3d2 Rc2 27. Kf2 Kf8 28. Ke2 Ke7 29. Kd3 Rxd2+ 30. Rxd2 Kd6 31. Re2 Re8 32. e4 Rxe4 33. Rxe4 dxe4+ 34. Kxe4 b6 35. Nd2 b5 36. Nb3 Bg5 37. Nc5 Bc1 38. Nd3 Bd2 39. b3 g6 40. a4 f5+ 41. Kf3 bxa4 42. bxa4 Kd5 43. Ne5 g5 44. Ke2 Bc3 45. Nf7 Bxd4 46. Nxh6 Bf6 47. Nxf5 Ke4 48. Ne3 Be7 49. Nc4 Kf4 50. Na5 Bc5 51. Nb3 Bg1 52. Kf1 Bb6 53. Nc1 Kg3 54. Ne2+ Kh4 55. Nc3 g4 56. hxg4 Kxg4 57. Ne2 Bc5 58. Ke1 Bb6 59. Kd2 Bc5 60. Kd3 Bb6 61. Kc4 Kf5 62. Kd5 Bf2 63. a5 Be1 64. a6 Bf2 65. Kc6 Ke4 66. Kb7 Bb6 67. Nc3+ Ke3 68. Nb5 Kf2 69. Nxa7 Bxa7 70. Kxa7 Kxg2 71. Kb7 Kf3 72. a7 1-0


[Site "https://www.chess.com"]

[Event "Titled Tuesday Blitz April 05 Early 2022"]
[White "Pischal, Yulia"]
[Black "Maung, Maung Kyaw Zaw Hein"]
[WhiteFideId "14102390"]
[BlackFideId "13001698"]
[WhiteElo "1931"]
[BlackElo "1785"]
[Result "1-0"]
[Round "02"]
[TimeControl "180+1"]
[Date "2022.04.05"]
[WhiteClock "0:00:57"]
[BlackClock "0:00:20"]

1. e4 c6 2. d3 d5 3. Nd2 e5 4. Ngf3 Bd6 5. g3 Nf6 6. Bg2 O-O 7. O-O Nbd7 8. Re1 Qc7 9. c3 Re8 10. Qc2 Nc5 11. a4 a5 12. h4 b6 13. Nh2 Ba6 14. Bf1 dxe4 15. Nxe4 Nfxe4 16. dxe4 Bxf1 17. Nxf1 Rad8 18. Ne3 Bf8 19. Nf5 g6 20. Nh6+ Bxh6 21. Bxh6 Qd7 22. Bg5 Qd3 23. Qc1 Rd6 24. Qe3 Qxe3 25. Bxe3 Red8 26. b4 Nd7 27. Red1 Nf6 28. Rxd6 Rxd6 29. Bxb6 axb4 30. cxb4 Nxe4 31. a5 Nc3 32. a6 Nb5 33. a7 Nxa7 34. Rxa7 f5 35. Bc5 Re6 36. Rd7 Re8 37. Kg2 Rc8 38. Kf3 h6 39. Ke3 g5 40. hxg5 hxg5 41. Re7 e4 42. Re5 1-0


[Site "https://www.chess.com"]

[Event "Titled Tuesday Blitz April 05 Early 2022"]
[White "Plazuelo Pascual, Juan"]
[Black "Shipov, Sergei"]
[WhiteFideId "32059566"]
[BlackFideId "4113624"]
[WhiteElo "2446"]
[BlackElo "2737"]
[Result "1/2-1/2"]
[Round "02"]
[TimeControl "180+1"]
[Date "2022.04.05"]
[WhiteClock "0:00:06"]
[BlackClock "0:00:07"]

1. d4 Nf6 2. c4 c5 3. d5 b5 4. cxb5 a6 5. e3 g6 6. Nc3 Bg7 7. a4 O-O 8. e4 Bb7 9. Nf3 e6 10. Be2 axb5 11. Bxb5 exd5 12. exd5 Re8+ 13. Be3 Ng4 14. O-O Nxe3 15. fxe3 Rxe3 16. d6 Nc6 17. Nd5 Re4 18. Kh1 Nd4 19. Ne7+ Rxe7 20. dxe7 Qxe7 21. Nxd4 Bxd4 22. Bc4 d5 23. Bb5 Bxb2 24. Ra2 Bg7 25. a5 Qd6 26. Qf3 Rf8 27. a6 Ba8 28. Qg3 Qxg3 29. hxg3 c4 30. a7 c3 31. Rb1 Be5 32. Kh2 d4 33. Bd3 h5 34. Ra5 Bc7 35. Rc5 Bd6 36. Rc4 h4 37. Rxd4 Bxg3+ 38. Kg1 Rc8 39. Rc4 Rxc4 40. Bxc4 Kg7 41. Bd3 Be5 42. Rb8 Bd4+ 43. Kf1 Bxg2+ 44. Kxg2 Bxa7 45. Rb7 Bd4 46. Kf3 Kf8 47. Rd7 Be5 48. Rd5 Bg7 49. Kg4 f5+ 50. Kxh4 Bf6+ 51. Kg3 Ke7 52. Bc2 Ke6 53. Rd3 g5 54. Kf3 Be5 55. Rd1 g4+ 56. Ke3 Kf6 57. Rf1 f4+ 58. Ke4 Bd6 59. Kd5 Be5 60. Re1 Bc7 61. Re6+ Kg5 62. Ke4 f3 63. Re8 Kh4 64. Ke3 Bb6+ 65. Kf4 Bc7+ 66. Ke3 Bb6+ 67. Kf4 Bc7+ 68. Ke3 1/2-1/2


[Site "https://www.chess.com"]

[Event "Titled Tuesday Blitz April 05 Early 2022"]
[White "Plotnikov, Pavel"]
[Black "Kezin, Roman"]
[WhiteFideId "4170342"]
[BlackFideId "24124621"]
[WhiteElo "2538"]
[BlackElo "2775"]
[Result "0-1"]
[Round "02"]
[TimeControl "180+1"]
[Date "2022.04.05"]
[WhiteClock "0:00:33"]
[BlackClock "0:01:23"]

1. e4 c5 2. c3 Qa5 3. Nf3 Nc6 4. Be2 Nf6 5. d3 d5 6. exd5 Nxd5 7. O-O e6 8. Nbd2 Be7 9. a4 O-O 10. Nc4 Qc7 11. Qc2 Nf4 12. Re1 Nxe2+ 13. Qxe2 b6 14. Nfe5 Bb7 15. Bf4 Nxe5 16. Bxe5 Qc6 17. Qg4 f6 18. Bf4 e5 19. Ne3 f5 20. Nxf5 Rxf5 21. Bxe5 Rg5 22. Qc4+ Kh8 23. Re4 Qg6 0-1


[Site "https://www.chess.com"]